 Dungeon Crawl Stone Soup version 0.29-a0-321-gf1c400731a (webtiles) character file.

Game seed: 12185654329738369543

366 domi the Conjurer (level 6, 0/41 HPs)
             Began as a Demonspawn Hedge Wizard on Apr 4, 2022.
             Succumbed to a kobold brigand's curare-tipped dart
             ... on level 4 of the Dungeon.
             The game lasted 00:11:16 (4711 turns).

domi the Conjurer (Demonspawn Hedge Wizard)         Turns: 4711, Time: 00:11:17

Health: 0/41       AC:  4    Str:  9 (11) XL:     6   Next: 40%
Magic:  3/12       EV: 12    Int: 14 (17) God:
Gold:   308        SH:  0    Dex: 11 (12) Spells: 6/14 levels left

rFire   . . .      SeeInvis .   e - +1 short sword (speed)
rCold   . . .      Faith    .   (no shield)
rNeg    . . .      Spirit   +   b - +0 robe
rPois   .          Reflect  .   y - +0 helmet
rElec   .          Harm     .   j - +0 cloak
rCorr   .          Rampage  .   (no gloves)
Will    .....                   (no boots)
Stlth   ++........              (no amulet)
HPRegen 0.13/turn               (no ring)
MPRegen 0.26/turn               (no ring)

@: lethally poisoned (0 -> -14), very slightly contaminated, slowed, very slow
A: magic shield, magic regeneration, devolution 1
a: no special abilities


You were on level 4 of the Dungeon.
You visited 1 branch of the dungeon, and saw 4 of its levels.

You collected 308 gold pieces.

Inventory:

Hand Weapons
 a - a +0 dagger
 e - a +1 short sword of speed (weapon)
   (You took it off a kobold on level 1 of the Dungeon)
Missiles
 g - 3 atropa-tipped darts
 x - 6 javelins (quivered)
 z - 6 poisoned darts
Armour
 b - a +0 robe (worn)
 c - a +0 hat
 j - a +0 cloak (worn)
   (You found it on level 1 of the Dungeon)
 y - a +0 helmet (worn)
   (You found it on level 4 of the Dungeon)
Jewellery
 q - a +6 ring of intelligence
   (You found it on level 2 of the Dungeon)
 u - a +6 ring of dexterity
   (You found it on level 3 of the Dungeon)
Wands
 A - a wand of flame (20)
   (You found it on level 4 of the Dungeon)
Scrolls
 f - 2 scrolls of enchant weapon {unknown}
 h - a scroll of immolation {unknown}
 i - a scroll of vulnerability {unknown}
 k - 2 scrolls of identify {unknown}
 m - a scroll of magic mapping {unknown}
 o - 2 scrolls of amnesia {unknown}
 s - a scroll of blinking {unknown}
 t - 4 scrolls of silence {unknown}
 w - a scroll of holy word {unknown}
Potions
 d - 2 potions of magic
 l - a potion of resistance
 n - a potion of brilliance {unknown}
 p - 2 potions of haste {@q3}


   Skills:
 - Level 1.7 Dodging
 - Level 1.7 Stealth
 + Level 4.5 Spellcasting
 - Level 5.0 Conjurations
 * Level 2.1 Summonings
 - Level 0.8 Translocations


You had 6 spell levels left.
You knew the following spells:

 Your Spells              Type           Power      Damage    Failure   Level
b - Blink                 Tloc           10%        N/A       19%         2
c - Mephitic Cloud        Conj/Pois/Air  7%         N/A       28%         3
x - Call Imp              Summ           9%         N/A       12%         2
z - Magic Dart            Conj           68%        1d6       2%          1

Your spell library contained the following spells:

 Spells                   Type           Power      Damage    Failure   Level
 Slow                     Hex            12%        N/A       19%         1
 Conjure Flame            Conj/Fire      10%        6-21      21%         3
 Gell's Gravitas          Tloc           5%         N/A       36%         3
 Lesser Beckoning         Tloc           5%         N/A       36%         3
 Teleport Other           Tloc           5%         N/A       36%         3
 Manifold Assault         Tloc           5%         N/A       98%         5


Dungeon Overview and Level Annotations

Branches:
Dungeon (4/15)
 Temple: D:4-7

Altars:
Ashenzari
Cheibriados
Okawaru

Shops:
D:4 [


Innate Abilities, Weirdness & Mutations

When hurt, damage is shared between your health and your magic reserves.
You regenerate magic rapidly.
You have hidden genetic defects.


Message History

(D) Dungeon
Where to? (? - help)
Your white imp disappears in a puff of smoke!
There is a stone staircase leading down here.
You climb downwards.
There is a stone staircase leading up here.
You regained 4 hp, and now have 27/41 hp.
MP restored: 12
Okay, then.
Really quaff
r - a potion of mutation {!q!q}?
Really quaff the potion of mutation?
You feel extremely strange.
Your fingernails shrink to normal size.
You feel a little more calm.
You feel a hidden malignance growing inside you.
There is an open door here.
There is an open door here.
There is an open door here.
n - a green potion Health restored: 41 You open the door.
An adder comes into view.
There is an open door here.
An adder is nearby!
An adder is nearby!
An adder is nearby!
Aim: an adder (asleep, 100% to hit)
The magic dart hits the adder.
The adder hisses angrily.
You now have 11/12 mp.
Aim: an adder (lightly wounded, 100% to hit)
The magic dart hits the adder.
The adder closely misses you.
Aim: an adder (lightly wounded, 100% to hit)
The magic dart hits the adder.
The adder barely misses you.
You now have 9/12 mp.
Aim: an adder (severely wounded, 100% to hit)
The magic dart hits the adder.
The adder bites you. The adder bites you but does no damage.
Aim: an adder (almost dead, 100% to hit)
The magic dart hits the adder.
You kill the adder!
You take 1 damage, and have 40/41 hp.
You now have 7/12 mp.
You can't see any susceptible monsters within range! (Use Z to cast anyway.)
You can't see any susceptible monsters within range! (Use Z to cast anyway.)
There is an open door here.
The kobold brigand throws a curare-tipped dart.
The curare-tipped dart hits you.
You are poisoned.
You have difficulty breathing.
You feel yourself slow down.
You take 5 damage, and have 35/41 hp.
You regained 3 mp, and now have 10/12 mp.
Unknown command.
Aim: a kobold brigand, wielding a +0 whip and quivering curare-tipped darts (100% to hit)
The magic dart hits the kobold brigand but does no damage.
You feel very sick.
The kobold brigand throws a curare-tipped dart.
The curare-tipped dart closely misses you.
You take 3 damage, and have 32/41 hp.
You now have 9/12 mp.
A beastly little devil appears in a puff of frigid air.
You feel sick.
The kobold brigand throws a curare-tipped dart.
The curare-tipped dart hits you.
You are more poisoned.
You have difficulty breathing.
You feel as though you will be slow longer.
You take 6 damage, and have 26/41 hp.
You now have 7/12 mp.
Aim: a kobold brigand, wielding a +0 whip and quivering curare-tipped darts (ally target, 100% to hit)
The magic dart hits the kobold brigand but does no damage.
You feel very sick.
You take 6 damage, and have 20/41 hp.
Aim: a kobold brigand, wielding a +0 whip and quivering curare-tipped darts (ally target, 100% to hit)
You miscast Magic Dart.
You are very lightly contaminated with residual magic.
Nothing appears to happen.
You feel very sick.
Your white imp closely misses the kobold brigand.
The kobold brigand throws a curare-tipped dart.
The curare-tipped dart hits you.
You are lethally poisoned!
You have difficulty breathing.
* * * LOW HITPOINT WARNING * * *
You feel as though you will be slow longer.
Your white imp hits the kobold brigand.
Your white imp freezes the kobold brigand.
You take 10 damage, and have 10/41 hp.
MASSIVE DAMAGE!!
You now have 4/12 mp.
Unknown command.
Aim: a kobold brigand, wielding a +0 whip and quivering curare-tipped darts (moderately wounded, ally target, 100% to hit)
The magic dart hits the kobold brigand but does no damage.
* * * LOW HITPOINT WARNING * * *
You feel very sick.
The kobold brigand throws a curare-tipped dart.
The curare-tipped dart barely misses you.
Your white imp gestures at the kobold brigand.
The puff of frost hits the kobold brigand!
You take 6 damage, and have 4/41 hp.
Aim: a kobold brigand, wielding a +0 whip and quivering curare-tipped darts (heavily wounded, not watching you, ally target, 100% to hit)
The magic dart hits the kobold brigand.
You die...

#......................#
#......................#
########..##.##..#####......#
#....#######.##..##...#######
......#................#
......#................#
......#......5.........#
......#.....K..........#
......#.........@......#
#.....##....###..##...##
#.....##....###..######
............#.....#
............#<....#
.#.#####....#.....#
.#.....####.#.....#
##[.#.....####'########
##..#†###..###..###...##


You could see a kobold brigand (ally target) and a friendly white imp
(summoned).

Vanquished Creatures
  A scorpion (D:4)
  2 hounds (D:3)
  An orc wizard (D:4)
  A mummy (D:3)
  8 adders
  A worm (D:2)
  5 orcs
  6 endoplasms
  7 giant cockroaches
  2 goblins
  6 hobgoblins
  3 jackals (D:3)
  6 kobolds
  A quokka (D:3)
  3 ball pythons (D:1)
  3 bats
  2 frilled lizards
  3 rats
61 creatures vanquished.

Vanquished Creatures (collateral kills)
  A jelly (D:4)
  Ijyb (D:3)
  A gnoll (D:4)
  3 orcs (D:3)
  A hobgoblin (D:4)
7 creatures vanquished.

Grand Total: 68 creatures vanquished

Notes
Turn   | Place    | Note
-------+----------+-------------------------------------------
     0 | D:1      | domi the Demonspawn Hedge Wizard began the quest for the
                  | Orb.
     0 | D:1      | Reached XP level 1. HP: 13/13 MP: 4/4
   145 | D:1      | Found a faded altar of an unknown god.
   291 | D:1      | Gained mutation: You regenerate magic rapidly. [demonic
                  | ancestry]
   291 | D:1      | Reached XP level 2. HP: 19/19 MP: 1/6
   747 | D:1      | Reached skill level 2 in Conjurations
  1092 | D:2      | Found an iron altar of Okawaru.
  1100 | D:2      | Gained mutation: When hurt, damage is shared between your
                  | health and your magic reserves. [demonic ancestry]
  1100 | D:2      | Reached XP level 3. HP: 24/24 MP: 1/7
  1353 | D:2      | Learned a level 2 spell: Call Imp
  1356 | D:2      | Learned a level 2 spell: Blink
  1360 | D:2      | Learned a level 3 spell: Mephitic Cloud
  1559 | D:2      | Reached skill level 3 in Conjurations
  1924 | D:3      | Found a snail-covered altar of Cheibriados.
  1934 | D:3      | Reached XP level 4. HP: 30/30 MP: 1/9
  2355 | D:3      | Noticed Ijyb
  3169 | D:3      | Reached skill level 4 in Conjurations
  3285 | D:3      | Reached XP level 5. HP: 35/35 MP: 7/10
  3572 | D:3      | Killed Ijyb
  3573 | D:3      | Reached skill level 4 in Spellcasting
  3643 | D:4      | Found a broken altar of Ashenzari.
  3924 | D:4      | Reached skill level 5 in Conjurations
  3924 | D:4      | Reached XP level 6. HP: 24/41 MP: 0/12
  4195 | D:4      | Found Lotaskua's Antique Armour Shoppe.
  4420 | D:4      | HP: 8/41 [poisoned by a kobold brigand (curare-tipped
                  | dart)]
  4421 | D:4      | Gained mutation: You have sharp fingernails. [potion of
                  | mutation]
  4421 | D:4      | Gained mutation: You tend to lose your temper in combat.
                  | [potion of mutation]
  4422 | D:4      | HP: 3/41 [poisoned by a kobold brigand (curare-tipped
                  | dart)]
  4443 | D:3      | Reached skill level 2 in Summonings
  4490 | D:4      | Lost mutation: You have sharp fingernails. [potion of
                  | mutation]
  4490 | D:4      | Lost mutation: You tend to lose your temper in combat.
                  | [potion of mutation]
  4490 | D:4      | Gained mutation: You have hidden genetic defects. [potion
                  | of mutation]
  4709 | D:4      | HP: 10/41 [asphyx]
  4710 | D:4      | HP: 4/41 [poisoned by a kobold brigand (curare-tipped
                  | dart)]
  4711 | D:4      | Succumbed to a kobold brigand's curare-tipped dart

Illustrated notes

Levels and vault maps discovered:
D:1:      nicolae_arrival_washed_ashore, layout_loops_ring,
          hellmonk_ecumenical_altar_zigzags, minmay_misc_feat_four_crosses,
          minmay_misc_feat_roman, serial_bayou_pond_c,
          kennysheep_decorative_pillar
D:2:      layout_basic, basic_altar, grunt_decor_junction
D:3:      layout_loops_ring, slow_altar_1, serial_co_window_serial,
          co_window_of_opportunity_a, co_window_paths_a, co_window_paths_a,
          co_window_cross_1, co_window_corner_a, co_window_broadway_c,
          co_window_2corner, co_window_unsneaky_path_e, co_window_paths_c,
          co_window_4corner_a, glass_columns_b, corexii_corridor_pit,
          amcnicky_mini_pool_small, minmay_statues_item, uniq_ijyb
D:4:      minmay_evil_eye, layout_gridville, lemuel_tele_altar, serial_shops,
          nicolae_shop_trees

Skill      XL: |  1  2  3  4  5  6 |
---------------+-------------------+-----
Conjurations   | 2 3 4 5 |  5.0
Spellcasting   | 4 |  4.5
Summonings     | 2 |  2.1
Dodging        | |  1.7
Stealth        | |  1.7
Translocations | |  0.8

Action                   |  1- 3 |  4- 6 || total
-------------------------+-------+-------++-------
Melee: Short sword       |    16 |    36 ||    52
       Punch             |     1 |       ||     1
 Cast: Magic Dart        |    84 |    93 ||   177
       Call Imp          |       |    13 ||    13
       Mephitic Cloud    |       |     1 ||     1
Evoke: Wand              |       |     1 ||     1
  Use: Potion            |       |     6 ||     6
 Stab: Sleeping          |       |     1 ||     1
Armor: Robe              |     4 |    20 ||    24
Dodge: Dodged            |    13 |    38 ||    51

Table legend: (Time is in decaauts)
 A = Elapsed time spent in this place.
 B = Non-inter-level travel time spent in this place.
 C = Inter-level travel time spent in this place.
 D = Time resting spent in this place.
 E = Time spent auto-exploring this place.
 F = Levels seen in this place.
 G = Mean time per level.
                   A        B        C        D        E       F      G
               +--------+--------+--------+--------+--------+-----+--------+
         Total |   4716 |   4555 |    161 |    669 |   3268 |   4 | 1179.0 |
       Dungeon |   4716 |   4555 |    161 |    669 |   3268 |   4 | 1179.0 |
               +--------+--------+--------+--------+--------+-----+--------+

Top non-repeatable levels by time:
     D:3: 1665 daAuts
     D:2: 1043 daAuts
     D:4: 1032 daAuts
     D:1: 975 daAuts

Table legend:
 A = Kills in this place as a percentage of kills in entire the game.
 B = Kills by you in this place as a percentage of kills by you in the entire game.
 C = Kills by friends in this place as a percentage of kills by friends in the entire game.
 D = Other kills in this place as a percentage of other kills in the entire game.
 E = Experience gained in this place as a percentage of experience gained in the entire game.
 F = Experience gained in this place divided by the number of levels of this place that you have seen.
                   A       B       C       D       E      F
               +-------+-------+-------+-------+-------+----------------------
         Total | 100.0 | 100.0 | 100.0 |   N/A | 100.0 | 131.0
       Dungeon | 100.0 | 100.0 | 100.0 |   N/A | 100.0 | 131.0
               +-------+-------+-------+-------+-------+----------------------
